cohdb
Replays
Latest Replays
All Replays
Popular Replays
Top Player Replays
Match Explorer
How It Works
Community
CoH3 Stats
Reddit
Sign in to upload your games and track your stats! →
Sign in with Steam
Match 43384900
Unlisted
Match 43384900
Overview
Messages
Build Orders
End
Kettenkrad Recon Vehicle
Construct Infanterie Kompanie
Selects Terror Battlegroup
Selects Machine Gun Camouflage
MG 42 Machine Gun Team
MG 42 Machine Gun Team
Grenadier Squad
Grenadier Squad
Construct Panzergrenadier Kompanie
Panzergrenadier Squad
Medical Station
Pak 40 Anti-tank Gun Team
Support Elements
StuG III G Assault Gun
Selects Defend the Fatherland
StuG III G Assault Gun
Panzergrenadier Squad
Pioneer Squad
Panzergrenadier Officer Quarters
Nebelwerfer 42 Rocket Launcher Team
Selects King Tiger Heavy Tank
Selects Contempt for the Weak
Defend the Fatherland
King Tiger Heavy Tank
Selects Propaganda Leaflet Drop
Propaganda Leaflet Drop
Selects V1 Rocket Strike
Medical Bunker
Propaganda Leaflet Drop
Repair Bunker
Construct Panzer Kompanie
Propaganda Leaflet Drop
Side Skirts
Sturmpanzer IV Brummbär
Panzer Officer Quarters
Propaganda Leaflet Drop
Pioneer Squad
Propaganda Leaflet Drop
Repair Bunker
Propaganda Leaflet Drop
Panzer IV Medium Tank
Propaganda Leaflet Drop
Stoßtruppen Squad
Propaganda Leaflet Drop
Jay
rocketpossum
0
0
Comments
sign in to comment!
No comments posted yet!